 Dungeon Crawl Stone Soup version 0.19.1-1-g22dce08 (webtiles) character file.

95 N00B the Slasher (level 4, -4/32 HPs)
             Began as a High Elf Berserker on Jan 2, 2017.
             Was a Believer of Trog.
             Slain by a sky beast (5 damage)
             ... on level 3 of the Dungeon.
             The game lasted 00:02:54 (2613 turns).

N00B the Slasher (High Elf Berserker)               Turns: 2613, Time: 00:02:54

Health: -4/32      AC:  9    Str: 16 (17) XL:     4   Next: 39%
Magic:  5/5        EV:  7    Int:  9 (11) God:    Trog [**....]
Gold:   109        SH:  0    Dex: 13 (14) Spells: 0 memorised, 3 levels left

rFire  . . .     SeeInvis .     a - +0 falchion
rCold  . . .     Gourm    .     o - +0 chain mail
rNeg   . . .     Faith    .     (no shield)
rPois  .         Spirit   .     (no helmet)
rElec  .         Reflect  .     (no cloak)
rCorr  .         Harm     .     q - +0 pair of gloves
MR     .....                    (no boots)
Stlth  ..........               (no amulet)
                                d - ring of flight
                                (no ring)

@: exhausted, slowed, very slow
A: no striking features
a: Berserk, Trog's Hand, Burn Spellbooks, Renounce Religion, Evoke Flight


You were on level 3 of the Dungeon.
You worshipped Trog.
Trog was pleased with you.
You were full.

You visited 1 branch of the dungeon, and saw 3 of its levels.

You collected 109 gold pieces.

Inventory:

Hand Weapons
 a - a +0 falchion (weapon)
Armour
 o - a +0 chain mail (worn)
 q - a +0 pair of gloves (worn)
Jewellery
 d - a ring of flight (right hand)
 n - an uncursed ring of ice
Scrolls
 b - 2 scrolls of enchant armour {unknown}
 e - a scroll of random uselessness {unknown}
 f - 6 scrolls of identify {unknown}
 g - a scroll of fog {unknown}
 i - a scroll of teleportation {unknown}
 m - a scroll of enchant weapon {unknown}
 p - a scroll of remove curse {unknown}
 r - 2 scrolls of magic mapping {unknown}
Potions
 k - 2 potions of invisibility
Comestibles
 c - 5 bread rations
 h - 3 beef jerkies


   Skills:
 + Level 3.6 Fighting
 * Level 5.1 Long Blades
 + Level 2.2 Armour
 + Level 2.6 Dodging


You had 3 spell levels left.
You didn't know any spells.

Dungeon Overview and Level Annotations

Branches:
Dungeon (3/15)

Altars:
Sif Muna
Trog


Message History

The sky beast is almost dead.
The sky beast hits you but does no damage.
The sky beast flickers out of sight!
Deactivating autopickup; reactivate with Ctrl-A.
Something hits you but does no damage.
Your chain mail prevents you from hitting something.
Something hits you but does no damage. x2
Unknown command.
You miss something. Something hits you but does no damage.
You miss something. Something hits you but does no damage. Something hits you.
* * * LOW HITPOINT WARNING * * *
Something shocks you.
* * * LOW HITPOINT WARNING * * *
Okay, then.
Something hits you but does no damage. Something hits you but does no damage.
Something hits you.
* * * LOW HITPOINT WARNING * * *
Something shocks you.
You die...

#.#....####.## #.#.....#.##..
#.#....# #...# #.............
<..#.#.###...####........##.#
.......#.......##........# #
.........................##.###
.......#........#.#............
..(#.#.###...##.#†#............
#.##.#.# #...##.#.#.....≈...#
#....... ....#..@.###....####
######.........#.........#
.#.##...#...#####.?.# . ####.
##.## ###.# #. .# #. ## #. #.


There were no monsters in sight!

Vanquished Creatures
  An orc wizard (D:3)
  An adder (D:2)
  A dart slug (D:2)
  A worm (D:3)
  4 orcs (D:3)
  2 giant cockroaches (D:1)
  2 goblins
  6 hobgoblins
  9 jackals (D:2)
  4 kobolds
  8 bats
  5 frilled lizards
  3 rats
47 creatures vanquished.

Notes
Turn   | Place    | Note
-------+----------+-------------------------------------------
     0 | D:1      | N00B the High Elf Berserker began the quest for the Orb.
     0 | D:1      | Reached XP level 1. HP: 16/16 MP: 2/2
   533 | D:1      | Reached XP level 2. HP: 12/21 MP: 3/3
   922 | D:1      | Reached skill level 4 in Long Blades
  1441 | D:2      | Reached XP level 3. HP: 20/26 MP: 4/4
  1444 | D:2      | Reached ** piety under Trog
  1860 | D:2      | Found a deep blue altar of Sif Muna.
  1903 | D:2      | Found a bloodstained altar of Trog.
  2058 | D:3      | Reached skill level 5 in Long Blades
  2058 | D:3      | Reached XP level 4. HP: 23/32 MP: 5/5
  2107 | D:3      | HP: 1/32 [poisoned by a kobold]
  2577 | D:3      | Noticed a sky beast
  2613 | D:3      | HP: 1/32 [something (3)]
  2613 | D:3      | Slain by a sky beast

Skill      XL: |  1  2  3 |
---------------+----------+-----
Armour         | 2 |  2.2
Long Blades    | 4 5 |  5.1
Fighting       | |  3.6
Dodging        | |  2.6

Action                   |  1- 3 |  4- 6 || total
-------------------------+-------+-------++-------
Melee: Falchion          |   127 |    56 ||   183
Invok: Berserk           |     2 |     1 ||     3
       Trog's Hand       |       |     1 ||     1
  Use: Potion            |     1 |     3 ||     4
  Eat: Chunk             |     4 |     3 ||     7
       Meat ration       |       |     1 ||     1
       Pizza             |       |     1 ||     1
Armor: Animal skin       |    15 |       ||    15
       Scale mail        |    34 |       ||    34
       Chain mail        |    19 |    53 ||    72
Dodge: Dodged            |    98 |    25 ||   123
       Rpst.: Falchion   |    32 |     7 ||    39
